 Dungeon Sprint DCSS version bcrawl-1.20 (webtiles) character file.

Game seed: 14541284442444992999

88 Freyura the Cudgeler (level 4, 0/37 HPs)
             Began as a Demonspawn Gladiator on Jan 21, 2020.
             Was a Follower of Lugonu.
             Slain by a phantom (2 damage)
             ... in the Dungeon (Sprint IX: "|||||||||||||||||||||||||||||").
             The game lasted 00:02:41 (135 turns).

Freyura the Cudgeler (Demonspawn Gladiator)          Turns: 135, Time: 00:02:42

Health: 0/37       AC:  8    Str: 15    XL:     4   Next: 30%
Magic:  3/5        EV: 12    Int:  9    God:    Lugonu [*.....]
Gold:   0          SH:  6    Dex: 21    Spells: 3/3 levels left

rFire    . . .     SeeInvis .   o - +2 morningstar (crush)
rCold    . . .     Gourm    .   (no shield)
rNeg     . . .     Faith    .   r - +1 scale mail
rPois    .         Spirit   .   (helmet restricted)
rElec    .         Reflect  .   p - +0 cloak
rCorr    .         Harm     .   (no gloves)
MR       .....     NoTele   +   (no boots)
Stlth    ..........             (no amulet)
HPRegen  0.12/turn              s - +3 ring of dexterity
MPRegen  0.09/turn              t - +3 ring of dexterity

@: no status effects
A: horns 1, large bone plates 2
a: Bend Space, Renounce Religion


You were in the Dungeon.
You worshipped Lugonu.
Lugonu was aware of your devotion.
You were not hungry.

You visited 1 branch

Inventory:

Hand Weapons
 o - a +2 morningstar of crushing (weapon)
Missiles
 d - 3 throwing nets (quivered) {!f}
Armour
 c - a +0 helmet
 p - a +0 cloak (worn)
 r - a +1 scale mail (worn)
Jewellery
 s - a +3 ring of dexterity (left hand)
 t - a +3 ring of dexterity (right hand)
Wands
 n - a wand of acid (10)
Scrolls
 k - 2 scrolls of blinking
 l - 3 scrolls of remove curse
 m - 2 scrolls of amnesia
Potions
 f - 3 potions of curing
 h - a potion of haste
 i - 4 potions of magic
 j - a potion of invisibility
Comestibles
 e - a ration {!d}


   Skills:
 + Level 4.1 Fighting
 * Level 5.4 Maces & Flails
 - Level 1.7 Throwing
 + Level 3.1 Armour
 + Level 4.2 Dodging
 + Level 2.3 Invocations


You had 3 spell levels left.
You didn't know any spells.
Your spell library was empty.

Dungeon Overview and Level Annotations

Branches:
Dungeon (1/1)

Altars:
Cheibriados
Dithmenos
Elyvilon
Fedhas
Gozag
Hepliaklqana
Kikubaaqudgha
Lugonu
Makhleb
Nemelex Xobeh
Okawaru
Qazlal
Ru
Sif Muna
Trog
Uskayaw
Vehumet
Wu Jian
Xom
Yredelemnul
Zin
The Shining One
Beogh
Jiyva


Innate Abilities, Weirdness & Mutations

You have a pair of small horns on your head.
You are mostly covered in large bone plates. (SH +6)


Message History

You have reached level 4!
You feel stronger.
Your demonic ancestry asserts itself...
A pair of horns grows on your head!
Your +0 helmet falls away!
You feel sick.
The rakshasa hits you but does no damage.
The phantom closely misses you. The phantom hits you.
* * * LOW HITPOINT WARNING * * *
The rakshasa closely misses you.
You feel better. You block the phantom's attack.
You hit the phantom.
The phantom is lightly damaged.
The rakshasa hits you from afar with a +0 trident!
* * * LOW HITPOINT WARNING * * *
The phantom closely misses you.
The rakshasa hits you from afar with a +0 trident!
* * * LOW HITPOINT WARNING * * *
You closely miss the phantom.
The phantom is lightly damaged.
The phantom hits you.
You die... ▓▓▓▓▓▓▓▓▓▓▓▓▓▓▓▓▓▓▓▓▓▓▓▓ _______'..|)...W@'RCJW.. ▓▓▓▓▓▓▓▓▓▓▓▓▓▓▓▓▓▓▓▓▓▓▓▓

You could see a rakshasa, a cyclops, a phantom, a wraith and a jelly.

Vanquished Creatures
  A killer bee (D)
  A worker ant (D)
  A gnoll (D)
  A bat (D)
  A bat skeleton (D)
  A goblin (D)
  A hobgoblin (D)
  2 jackals (D)
  A ball python skeleton (D)
  A rat (D)
11 creatures vanquished.

Notes
Turn   | Place    | Note
-------+----------+-------------------------------------------
     0 | D        | Freyura the Demonspawn Gladiator began the quest for the
                  | Orb.
     0 | D        | Reached XP level 1. HP: 16/16 MP: 1/1
     5 | D        | Reached skill level 3 in Maces & Flails
    11 | D        | Reached skill level 1 in Armour
    24 | D        | Noticed a worker ant
    27 | D        | Killed a worker ant
    27 | D        | Reached skill level 4 in Maces & Flails
    27 | D        | Gained mutation: You are partially covered in large bone
                  | plates. (SH +4) [demonic ancestry]
    27 | D        | Reached XP level 2. HP: 24/24 MP: 2/2
    27 | D        | Gained mutation: You are mostly covered in large bone
                  | plates. (SH +6) [demonic ancestry]
    27 | D        | Reached XP level 3. HP: 29/29 MP: 3/3
    44 | D        | Found a roughly hewn altar of Beogh.
    44 | D        | Found a snail-covered altar of Cheibriados.
    44 | D        | Found a shadowy altar of Dithmenos.
    44 | D        | Found a white marble altar of Elyvilon.
    44 | D        | Found a blossoming altar of Fedhas.
    44 | D        | Found an opulent altar of Gozag.
    45 | D        | Found a hazy altar of Hepliaklqana.
    46 | D        | Found a viscous altar of Jiyva.
    47 | D        | Found an ancient bone altar of Kikubaaqudgha.
    48 | D        | Found a corrupted altar of Lugonu.
    49 | D        | Found a burning altar of Makhleb.
    50 | D        | Found a sparkling altar of Nemelex Xobeh.
    51 | D        | Found an iron altar of Okawaru.
    52 | D        | Found a stormy altar of Qazlal.
    53 | D        | Found a sacrificial altar of Ru.
    54 | D        | Found a shimmering blue altar of Sif Muna.
    55 | D        | Found a bloodstained altar of Trog.
    56 | D        | Became a worshipper of Lugonu the Unformed
    57 | D        | Found a hide-covered altar of Uskayaw.
    58 | D        | Found a radiant altar of Vehumet.
    59 | D        | Found an ornate altar of the Wu Jian Council.
    60 | D        | Found a shimmering altar of Xom.
    61 | D        | Found a basalt altar of Yredelemnul.
    62 | D        | Found a glowing silver altar of Zin.
    63 | D        | Found a glowing golden altar of the Shining One.
   114 | D        | Noticed a killer bee
   114 | D        | Noticed a phantom
   114 | D        | Noticed a rakshasa
   114 | D        | Noticed a cyclops
   114 | D        | Noticed a wraith
   132 | D        | Killed a killer bee
   132 | D        | Reached skill level 5 in Maces & Flails
   132 | D        | Gained mutation: You have a pair of small horns on your
                  | head. [demonic ancestry]
   132 | D        | Reached XP level 4. HP: 16/37 MP: 3/5
   135 | D        | Slain by a phantom

Skill      XL: |  1  2  3 |
---------------+----------+-----
Maces & Flails | 4 5 |  5.4
Armour         | 2 3 |  3.1
Dodging        | 3 4 |  4.2
Fighting       | 3 4 |  4.1
Invocations    | 2 |  2.3
Throwing       | |  1.7

Action                   |  1- 3 |  4- 6 || total
-------------------------+-------+-------++-------
Melee: Flail             |    19 |       ||    19
       Morningstar       |    14 |     2 ||    16
  Use: Potion            |     5 |     1 ||     6
Armor: Leather armour    |     4 |       ||     4
       Scale mail        |    11 |     1 ||    12
Dodge: Dodged            |    40 |     3 ||    43
Block: Other             |     9 |     1 ||    10
